 Dungeon Crawl Stone Soup version 0.25.1-2-g60ff931df9 (webtiles) character file.

Game seed: 15262468469541150227

60412 lorenzova the Eclecticist (level 14, -1/68 HPs)
             Began as a Deep Elf Conjurer on Oct 22, 2020.
             Was a High Priest of Vehumet.
             Killed by divine providence
             ... invoked by an orc priest
              (11 damage)
             ... on level 2 of the Orcish Mines on Oct 26, 2020.
             The game lasted 01:00:06 (25228 turns).

lorenzova the Eclecticist (Deep Elf Conjurer)      Turns: 25228, Time: 01:00:07

Health: -1/68      AC: 15    Str:  9    XL:     14   Next: 56%
Magic:  33/37      EV: 26    Int: 36    God:    Vehumet [*****.]
Gold:   1481       SH:  6    Dex: 21    Spells: 7/47 levels left

rFire    + + +     SeeInvis +   I - +9 mace "Xousu" {vorpal, rF+++ Int+4 SInv}
rCold    . . .     Gourm    .   x - +0 buckler {AC+3}
rNeg     . . .     Faith    .   S - +0 ring mail {rPois}
rPois    +         Spirit   .   F - +0 helmet
rElec    +         Reflect  .   h - +0 cloak
rCorr    .         Harm     .   J - +1 pair of gloves
MR       +....                  e - +2 pair of boots
Stlth    ++........             l - amulet of the acrobat
HPRegen  0.21/turn              D - +6 ring of intelligence
MPRegen  0.25/turn              y - ring of Kohus {rElec Str+4 Dex+6}

@: acrobat
A: no striking features
a: Renounce Religion


You were on level 2 of the Orcish Mines.
You worshipped Vehumet.
Vehumet was extremely pleased with you.
You were not hungry.

You visited 4 branches of the dungeon, and saw 21 of its levels.
You also visited: Ossuary.

You collected 1971 gold pieces.
You spent 490 gold pieces at shops.

Inventory:

Hand Weapons
 I - the +9 mace "Xousu" (weapon) {vorpal, rF+++ Int+4 SInv}
   (You found it on level 8 of the Dungeon)

   It inflicts extra damage upon your enemies.
   It affects your intelligence (+4).
   It renders you almost immune to fire.
   It lets you see invisible.
Armour
 e - a +2 pair of boots (worn)
 h - a +0 cloak (worn)
 x - a +0 buckler of protection (worn)
 F - a +0 helmet (worn)
 J - a +1 pair of gloves (worn)
 M - a +0 robe of the Archmagi
 R - a +1 robe of cold resistance
 S - a +0 ring mail of poison resistance (worn)
Magical Staves
 N - an uncursed staff of energy
 O - an uncursed staff of cold
Jewellery
 l - an amulet of the acrobat (around neck)
 y - the ring of Kohus (right hand) {rElec Str+4 Dex+6}
   (You took it off a spriggan on level 4 of the Lair of Beasts)

   [ring of dexterity]

   It affects your strength (+4).
   It affects your dexterity (+6).
   It insulates you from electricity.
 B - the ring "Hynworag" {*Slow Str+5 Dex+6 Slay+3 SInv}
   (You found it on level 6 of the Dungeon)

   [ring of dexterity]

   It affects your strength (+5).
   It affects your dexterity (+6).
   It affects your accuracy and damage with ranged weapons and melee attacks
   (+3).
   It lets you see invisible.
   It may slow you when you take damage.
 D - a +6 ring of intelligence (left hand)
 G - an uncursed ring of protection from magic
 L - an uncursed ring of resist corrosion
 Q - an uncursed ring of ice
Wands
 g - a wand of clouds (5)
 P - a wand of acid (7)
Scrolls
 a - a scroll of blinking
 i - 5 scrolls of amnesia
 j - 3 scrolls of immolation
 m - 6 scrolls of teleportation
 r - 4 scrolls of fear
 s - 6 scrolls of enchant armour
 u - 8 scrolls of remove curse
 z - 2 scrolls of fog
 K - a scroll of magic mapping
Potions
 b - 2 potions of haste
 d - 2 potions of brilliance
 f - 8 potions of stabbing
 k - 2 potions of heal wounds
 n - 3 potions of might
 p - 14 potions of curing
 q - 3 potions of invisibility
 t - a potion of lignification {unknown}
 v - 2 potions of flight {unknown}
 w - a potion of resistance {unknown}
 A - 2 potions of berserk rage {unknown}
 C - 3 potions of ambrosia {unknown}
 E - 2 potions of magic {unknown}
 H - a potion of cancellation {unknown}
 U - a potion of mutation {unknown}
Comestibles
 c - 38 rations


   Skills:
 - Level 2.4 Dodging
 - Level 2.4 Stealth
 - Level 4.0 Shields
 * Level 17.1 Spellcasting
 * Level 15.1 Conjurations
 - Level 9.0 Hexes
 - Level 9.0 Charms
 + Level 2.0 Summonings
 - Level 6.0 Translocations
 * Level 11.2 Fire Magic
 + Level 7.1 Air Magic


You had 7 spell levels left.
You knew the following spells:

 Your Spells              Type           Power        Failure   Level  Hunger
a - Magic Dart            Conj           ####         0%          1    None
b - Searing Ray           Conj           ######       0%          2    None
c - Iskenderun's Mystic   Conj/Tloc      #######.     1%          4    None
d - Fulminant Prism       Conj/Hex       #######...   1%          4    None
e - Starburst             Conj/Fire      #######...   1%          6    None
f - Fireball              Conj/Fire      #######...   1%          5    None
g - Swiftness             Chrm/Air       ######..     1%          2    None
h - Spellforged Servitor  Conj/Summ      #######...   21%         7    ###....
l - Lightning Bolt        Conj/Air       #######...   1%          5    None
s - Sticky Flame          Conj/Fire      #######.     1%          4    None

Your spell library contained the following spells:

 Spells                   Type           Power        Failure   Level  Hunger
 Foxfire                  Conj/Fire      ####         0%          1    None
 Apportation              Tloc           ######       1%          1    None
 Corona                   Hex            #######      1%          1    None
 Shock                    Conj/Air       ####         1%          1    None
 Poisonous Vapours        Pois/Air       ######       1%          2    None
 Slow                     Hex            #######.     1%          2    None
 Conjure Flame            Conj/Fire      #######.     1%          3    None
 Dazzling Flash           Conj/Hex       ######       1%          3    None
 Ignite Poison            Fire/Tmut/Pois ######..     1%          3    None
 Inner Flame              Hex/Fire       #######.     1%          3    None
 Lesser Beckoning         Tloc           ######....   1%          3    None
 Mephitic Cloud           Conj/Pois/Air  ######..     1%          3    None
 Portal Projectile        Hex/Tloc       ######       1%          3    None
 Static Discharge         Conj/Air       #######.     1%          3    None
 Airstrike                Air            ######....   1%          4    None
 Cause Fear               Hex            #######...   1%          4    None
 Animate Skeleton         Necr           N/A          3%          1    None
 Pain                     Necr           ####         3%          1    None
 Sting                    Tmut/Pois      ####         3%          1    None
 Leda's Liquefaction      Hex/Erth       ######....   4%          4    None
 Olgreb's Toxic Radiance  Pois           ####....     9%          4    None
 Vampiric Draining        Necr           ####......   10%         3    None
 Summon Forest            Summ/Tloc      ######....   17%         5    None
 Animate Dead             Necr           N/A          30%         4    None
 Agony                    Necr           ####....     65%         5    None
 Malign Gateway           Summ/Tloc      ######....   99%         7    ###....


Dungeon Overview and Level Annotations

Branches:
Dungeon (12/15)            Temple (1/1) D:5            Lair (6/6) D:10
  Swamp (0/4) Lair:4        Snake (0/4) Lair:3        Slime (0/5) Lair:6
    Orc (2/2) D:9             Elf (0/3) Orc:2       Ossuary (visited)

Altars:
Ashenzari
Dithmenos
Elyvilon
Fedhas
Makhleb
Okawaru
Trog
Uskayaw
Vehumet
Wu Jian
The Shining One
Beogh

Shops:
D:9 :[!*

Portals:
Hell: Lair:6

Annotations:
D:5 3 runed translucent doors, bouboulover83's ghost, novice HuBe
D:12 Frances


Message History

The orc priest calls down the wrath of Beogh upon you.
You resist with some effort.
Casting: Fulminant Prism (safe; 1% risk of failure)
Confirm with . or Enter, or press ? or * to list all spells.
Aiming: Fulminant Prism (safe; 1% risk of failure)
Press: ? - help, Dir - move target cursor You conjure a prism of explosive energy!
A fulminant prism comes into view.
The orc priest calls down the wrath of Beogh upon you.
Beogh smites you!
* * * LOW HITPOINT WARNING * * *
The ogre hits you with a +0 giant club.
* * * LOW HITPOINT WARNING * * *
The orc throws a boomerang.
The boomerang hits you but does no damage.
The weapon returns to the orc!
Your fulminant prism crackles loudly.
The orc priest mumbles some strange prayers to Beogh against you.
Beogh smites you!
You die...

.........................#.......
..........#..............###....[
........o.####...........###.....
..........###.#....)......##...).
............#.......).....#......
.................................
............................))...
..####....o..*.......#..........#
$.# ##.......O.@.#.##..........#
#.# ###...........####.......##
#. ##.....##..<.# ###.#...#
###.######.## #...#..## ### ###
##..#### ##.# ###


You could see an ogre, an orc priest and a friendly fulminant prism.

Vanquished Creatures
  Nessos (Lair:4)
  Fannar (D:11)
  6 hydras
  An ogre mage (Orc:2)
  A catoblepas (Lair:5)
  3 two-headed ogres (Orc:2)
  13 death yaks
  A sun demon (Lair:6)
  Sonja (D:11)
  A wizard (Lair:6)
  An ugly thing (D:12)
  A cyclops (D:11)
  8 oklob plants
  A manticore (D:12)
  6 elephants (Lair:6)
  Maurice (D:11)
  A smoke demon (Lair:6)
  10 black mambas
  14 spiny frogs
  7 rime drakes
  A kobold demonologist (D:12)
  2 ice devils (Lair:6)
  5 komodo dragons
  A polar bear (Lair:5)
  2 trolls
  4 red devils (Lair:6)
  Grinder (D:6)
  6 slime creatures (D:12)
  A blink frog (Lair:6)
  3 hippogriffs
  A spriggan (Lair:4)
  4 hogs (D:8)
  2 wraiths (D:12)
  A human (D:8)
  26 yaks
  2 wyverns
  3 basilisks
  A steam dragon (D:8)
  3 swamp worms (Lair:4)
  A warg (Orc:2)
  Menkaure (Ossuary)
  9 water moccasins
  Duvessa (D:6)
  4 hell hounds (Lair:6)
  12 porcupines
  10 orc warriors
  5 black bears
  5 ice beasts
  A necrophage (D:9)
  4 sky beasts
  8 ogres
  2 phantoms
  39 wolves
  11 crocodiles
  3 centaurs
  An elf zombie (D:5)
  20 bullfrogs
  A big kobold (D:9)
  Dowan (D:6)
  A water moccasin zombie (D:7)
  10 killer bees
  A scorpion (D:7)
  3 howler monkeys
  4 crimson imps
  A lava snake (D:8)
  A quasit (D:12)
  A centaur zombie (D:10)
  A bullfrog zombie (D:7)
  3 jellies
  13 orc wizards
  A bullfrog skeleton (D:7)
  13 orc priests
  4 centaur skeletons
  4 iguanas
  A human skeleton (D:5)
  8 worker ants
  3 mummies (Ossuary)
  2 worker ant zombies
  4 gnolls
  10 adders
  4 shadow imps
  An ooze (D:1)
  2 adder skeletons
  2 adder zombies
  2 worms
  5 leopard geckos
  71 orcs
  A ball python (D:6)
  3 giant cockroaches
  3 gnoll zombies (Ossuary)
  7 goblins
  5 hobgoblins
  5 jackals
  7 quokkas
  8 bats
  6 frilled lizards
  A giant cockroach zombie (D:5)
  3 gnoll skeletons (Ossuary)
  3 goblin skeletons (Ossuary)
  4 goblin zombies (Ossuary)
  5 hobgoblin skeletons (Ossuary)
  5 hobgoblin zombies (Ossuary)
  5 kobolds
  4 kobold skeletons (Ossuary)
  2 kobold zombies (Ossuary)
  6 orc skeletons
  6 orc zombies
  A quokka skeleton (D:5)
  A quokka zombie (D:5)
  A rat (D:1)
  4 rat skeletons (Ossuary)
  6 rat zombies (Ossuary)
  2 fungi
  6 plants (Lair:5)
573 creatures vanquished.

Vanquished Creatures (others)
  A goblin skeleton (Ossuary)
  An orc skeleton (Ossuary)
  A rat skeleton (Ossuary)
  A bush (Lair:5)
  171 fulminant prisms
  19 fungi
  6 plants
200 creatures vanquished.

Grand Total: 773 creatures vanquished

Notes
Turn   | Place    | Note
-------+----------+-------------------------------------------
     0 | D:1      | lorenzova the Deep Elf Conjurer began the quest for the
                  | Orb.
     0 | D:1      | Reached XP level 1. HP: 10/10 MP: 6/6
   374 | D:1      | Reached XP level 2. HP: 15/15 MP: 4/8
   413 | D:1      | Learned a level 2 spell: Searing Ray
  1252 | D:2      | Reached skill level 4 in Spellcasting
  1252 | D:2      | Reached skill level 5 in Conjurations
  1252 | D:2      | Reached XP level 3. HP: 19/19 MP: 5/10
  1567 | D:2      | Found a faded altar of an unknown god.
  2079 | D:3      | Reached XP level 4. HP: 24/24 MP: 9/12
  2081 | D:3      | Reached skill level 5 in Spellcasting
  2296 | D:3      | Found a white marble altar of Elyvilon.
  2308 | D:3      | Reached XP level 5. HP: 28/28 MP: 6/14
  3133 | D:4      | Noticed an ogre
  3137 | D:4      | Killed an ogre
  3137 | D:4      | Reached skill level 6 in Spellcasting
  3176 | D:4      | Found an iron altar of Okawaru.
  3233 | D:4      | Noticed an ogre
  3239 | D:4      | Killed an ogre
  3239 | D:4      | Reached XP level 6. HP: 32/32 MP: 10/17
  3318 | D:4      | Reached skill level 7 in Spellcasting
  3431 | D:4      | Found a shattered altar of Ashenzari.
  4055 | D:5      | Entered Level 5 of the Dungeon
  4089 | D:5      | Reached XP level 7. HP: 36/36 MP: 13/20
  4153 | D:5      | Reached skill level 8 in Spellcasting
  4157 | D:5      | Found a staircase to the Ecumenical Temple.
  4169 | Temple   | Entered the Ecumenical Temple
  4175 | Temple   | Became a worshipper of Vehumet
  4333 | D:5      | Noticed bouboulover83's ghost (novice HuBe)
  4335 | D:5      | Found a runed translucent gate.
  4335 | D:5      | Found a runed translucent gate.
  4335 | D:5      | Found a runed translucent gate.
  4347 | D:5      | Identified the +5 dagger of Victory {speed, rPois Int-4
                  | Stlth+}
  4350 | D:5      | Identified the +5 dagger of the Establishment {vorpal,
                  | *Corrode rElec rF+ Int+2}
  4372 | D:5      | Found a sand-covered staircase.
  4408 | Ossuary  | Entered an ossuary
  4886 | Ossuary  | Reached * piety under Vehumet
  4886 | Ossuary  | Offered knowledge of Shock by Vehumet.
  5405 | Ossuary  | Noticed Menkaure
  5409 | Ossuary  | Killed Menkaure
  5632 | D:5      | Reached ** piety under Vehumet
  5632 | D:5      | Reached skill level 9 in Spellcasting
  5632 | D:5      | Reached XP level 8. HP: 41/41 MP: 12/23
  5701 | D:5      | Offered knowledge of Freeze by Vehumet.
  5849 | D:5      | Learned a level 4 spell: Iskenderun's Mystic Blast
  5854 | D:5      | Learned a level 4 spell: Fulminant Prism
  5960 | D:5      | Found a roughly hewn altar of Beogh.
  6050 | D:6      | Got a bound brass ring
  6109 | D:6      | Noticed a troll
  6114 | D:6      | Killed a troll
  6114 | D:6      | Reached skill level 1 in Hexes
  6114 | D:6      | Reached skill level 1 in Translocations
  6153 | D:6      | Noticed Grinder
  6158 | D:6      | Killed Grinder
  6272 | D:6      | Reached skill level 10 in Spellcasting
  6378 | D:6      | Found a bloodstained altar of Trog.
  6658 | D:6      | Found an ornate altar of the Wu Jian Council.
  6692 | D:6      | Noticed Duvessa
  6699 | D:6      | Killed Duvessa
  6700 | D:6      | Noticed Dowan
  6709 | D:6      | Killed Dowan
  6846 | D:6      | Reached XP level 9. HP: 45/45 MP: 23/25
  7281 | D:7      | Offered knowledge of Mephitic Cloud by Vehumet.
  7408 | D:7      | Reached skill level 10 in Conjurations
  7422 | D:7      | Reached skill level 11 in Spellcasting
  7698 | D:7      | Reached *** piety under Vehumet
  8249 | D:8      | Offered knowledge of Hailstorm by Vehumet.
  8258 | D:8      | Reached skill level 5 in Hexes
  8428 | D:8      | Got a brightly glowing mace
  8429 | D:8      | Identified the +9 mace "Xousu" {vorpal, rF+++ Int+4 SInv}
                  | (You found it on level 8 of the Dungeon)
  8481 | D:8      | Identified the ring "Hynworag" {*Slow Str+5 Dex+6 Slay+3
                  | SInv} (You found it on level 6 of the Dungeon)
  8789 | D:8      | Reached skill level 12 in Spellcasting
  8789 | D:8      | Reached XP level 10. HP: 50/50 MP: 15/28
  8793 | D:8      | Reached **** piety under Vehumet
  8985 | D:9      | Found Hokoch's General Store.
  9158 | D:9      | Found a blossoming altar of Fedhas.
  9164 | D:9      | Reached skill level 5 in Translocations
  9176 | D:9      | Offered knowledge of Sticky Flame by Vehumet.
  9182 | D:9      | Learned a level 4 spell: Sticky Flame
  9277 | D:9      | Reached skill level 1 in Fire Magic
  9319 | D:9      | Found a staircase to the Orcish Mines.
  9370 | D:9      | Found Ifuasmint's Distillery.
  9379 | D:9      | Bought a potion of heal wounds for 75 gold pieces
  9452 | D:9      | Found a shattered altar of Ashenzari.
  9522 | D:9      | Bought a scroll of identify for 30 gold pieces
  9531 | D:9      | Found Dununo's Armour Shoppe.
  9533 | D:9      | Found Liamuung's Book Boutique.
  9914 | D:9      | Bought a book of Air for 385 gold pieces
  9921 | D:9      | Learned a level 5 spell: Lightning Bolt
  9924 | D:9      | Learned a level 2 spell: Swiftness
 10000 | D:10     | Entered Level 10 of the Dungeon
 10105 | D:10     | Reached skill level 1 in Charms
 10119 | D:10     | Reached skill level 1 in Air Magic
 10140 | D:10     | Reached ***** piety under Vehumet
 10169 | D:10     | Offered knowledge of Starburst by Vehumet.
 10539 | D:10     | Found a roughly hewn altar of Beogh.
 10672 | D:10     | Found a staircase to the Lair.
 11251 | D:11     | Noticed Sonja
 11254 | D:11     | Reached skill level 13 in Spellcasting
 11256 | D:11     | Killed Sonja
 11409 | D:11     | Identified the Tome of Dislocation
 11423 | D:11     | Reached XP level 11. HP: 54/54 MP: 24/30
 11457 | D:11     | Found a blossoming altar of Fedhas.
 11460 | D:11     | Noticed Fannar
 11468 | D:11     | Killed Fannar
 11601 | D:11     | Noticed Maurice
 11605 | D:11     | Killed Maurice
 12606 | D:12     | Learned a level 6 spell: Starburst
 12634 | D:12     | Reached skill level 5 in Fire Magic
 13292 | D:12     | Reached skill level 5 in Charms
 13398 | D:12     | Noticed a white ugly thing
 13406 | D:12     | Killed a white ugly thing
 13406 | D:12     | Reached skill level 14 in Spellcasting
 13532 | D:12     | Noticed Frances
 13868 | Lair:1   | Entered Level 1 of the Lair of Beasts
 13997 | Lair:1   | Noticed a five-headed hydra
 14005 | Lair:1   | Killed a five-headed hydra
 14211 | Lair:1   | Reached XP level 12. HP: 59/59 MP: 23/32
 14326 | Lair:1   | Offered knowledge of Irradiate by Vehumet.
 14473 | Lair:1   | Noticed an eight-headed hydra
 14484 | Lair:1   | Killed an eight-headed hydra
 15318 | Lair:1   | Identified a scroll of acquirement
 15318 | Lair:1   | Acquired a +0 buckler of protection
 16137 | Lair:2   | Reached skill level 1 in Shields
 17940 | Lair:3   | Found a staircase to the Snake Pit.
 18646 | Lair:4   | Found a staircase to the Swamp.
 18648 | Lair:4   | Reached skill level 15 in Spellcasting
 18701 | Lair:4   | Reached skill level 5 in Air Magic
 18718 | Lair:4   | Noticed Nessos
 18890 | Lair:4   | Killed Nessos
 18895 | Lair:4   | Reached XP level 13. HP: 46/63 MP: 7/34
 19361 | Lair:4   | Identified the ring of Kohus {rElec Str+4 Dex+6}
 19610 | Lair:4   | Found the +15 Maxwell's patent armour {-Cast -Tele rElec
                  | MR+ rCorr}
 20600 | Lair:5   | Offered knowledge of Ozocubu's Refrigeration by Vehumet.
 21684 | Lair:6   | Entered Level 6 of the Lair of Beasts
 21688 | Lair:6   | Reached skill level 16 in Spellcasting
 22109 | Lair:6   | Reached skill level 10 in Fire Magic
 22432 | Lair:6   | Reached XP level 14. HP: 68/68 MP: 23/36
 23309 | Lair:6   | Offered knowledge of Spellforged Servitor by Vehumet.
 23334 | Lair:6   | Learned a level 5 spell: Fireball
 23342 | Lair:6   | Learned a level 7 spell: Spellforged Servitor
 23342 | Lair:6   | Found a staircase to the Slime Pits.
 23624 | Lair:6   | Found a burning altar of Makhleb.
 23953 | Lair:6   | Reached skill level 1 in Summonings
 24163 | Lair:6   | Found a gateway to Hell.
 24628 | Orc:1    | Entered Level 1 of the Orcish Mines
 24674 | Orc:1    | Reached skill level 15 in Conjurations
 24843 | Orc:2    | Entered Level 2 of the Orcish Mines
 24857 | Orc:2    | Found a staircase to the Elven Halls.
 24864 | Orc:2    | Reached skill level 17 in Spellcasting
 25228 | Orc:2    | Killed from afar by an orc priest

Illustrated notes

Levels and vault maps discovered:
D:1:      roderic_crop_circles_arrival_small, layout_loops_corners
D:2:      layout_basic, chequers_ecumenical_altar_grove
D:3:      layout_loops_ring, elyvilon_altar_1, minmay_distorted
D:4:      layout_basic, okawaru_trees_2, first_ration, evilmike_ruin_ashenzari
D:5:      layout_cave_pools, minmay_temple_entry_arrows,
          biasface_ghost_orc_armoury, nicolae_ossuary_entry_catacombs,
          kennysheep_crisscross
D:6:      minmay_opposing_rooms, layout_loops_ring, lemuel_crystal_altar,
          lemuel_doored_altar, chequers_serial_rivers_small_3, uniq_grinder,
          uniq_duvessa
D:7:      layout_cave_pods
D:8:      layout_rooms, grunt_livestock, kennysheep_generic_room_2
D:9:      layout_rooms, overflow_temple_1_default, overflow_temple_1_default,
          orc_0_dummy, serial_shops, shop, shop_coins, nicolae_shop_trees,
          nicolae_shop_crystal
D:10:     layout_roguey [special_room_orc], grunt_lair_entry_orc_guard_hut
D:11:     layout_roguey, basic_altar, uniq_maurice, uniq_fannar, uniq_sonja
D:12:     layout_gridville, serial_bayou_pond_e, uniq_frances
Temple:   eino_temple_rhombus
Lair:1:   layout_long_grid, gauntlet_entry_generic
Lair:2:   layout_regular_city, grunt_forest_large_clearings
Lair:3:   layout_loops_ring, dummy_snake_entry
Lair:4:   layout_hall_layers, minmay_swamp_entry_worms,
          grunt_forest_large_clearing_hut, uniq_nessos
Lair:5:   layout_long_grid, minmay_lair_oklob_chamber, grunt_megastairs_2,
          lemuel_fruit_tree
Lair:6:   evil_forest, layout_regular_city, minmay_slime_entry_oklob_enclosed,
          grunt_megastairs_5
Orc:1:    layout_diamond_mine
Orc:2:    st_orc_town, layout_diamond_mine

Skill      XL: |  1  2  3  4  5  6  7  8  9 10 11 12 13 14 |
---------------+-------------------------------------------+-----
Spellcasting   | 4 5 6 7 9 10 12 13 14 15 16 17 | 17.1
Conjurations   | 5 6 7 8 9 10 11 12 13 14 15 | 15.1
Hexes          | 3 5 6 8 9 |  9.0
Translocations | 2 4 5 6 |  6.0
Fire Magic     | 3 6 8 10 11 | 11.2
Charms         | 2 5 7 9 |  9.0
Air Magic      | 1 3 5 6 7 |  7.1
Shields        | 2 3 4 |  4.0
Summonings     | 2 |  2.0
Dodging        | |  2.4
Stealth        | |  2.4

Action                   |  1- 3 |  4- 6 |  7- 9 | 10-12 | 13-15 || total
-------------------------+-------+-------+-------+-------+-------++-------
Melee: Mace              |       |       |       |    23 |    11 ||    34
 Cast: Magic Dart        |    60 |    77 |   213 |   194 |    76 ||   620
       Searing Ray       |     2 |    12 |    51 |    48 |       ||   113
       Fulminant Prism   |       |       |     8 |    86 |    78 ||   172
       Iskenderun's Myst |       |       |     5 |    44 |    58 ||   107
       Sticky Flame      |       |       |       |    43 |    16 ||    59
       Lightning Bolt    |       |       |       |    56 |    61 ||   117
       Starburst         |       |       |       |       |     1 ||     1
       Fireball          |       |       |       |       |     6 ||     6
  Use: Scroll            |     2 |     4 |     2 |    13 |     6 ||    27
  Eat: Chunk             |     2 |     6 |    12 |    27 |    12 ||    59
       Ration            |       |       |     1 |     1 |     2 ||     4
Armor: Robe              |     3 |     2 |     5 |     4 |       ||    14
       Ring mail         |       |       |       |    19 |    20 ||    39
Dodge: Dodged            |     6 |    10 |    33 |    76 |    19 ||   144
Block: Buckler           |       |       |       |    11 |    12 ||    23
